[Event "Early-Titled-Tuesday-Blitz-March-19-2024"]
[Site "Chess.com"]
[Date "2024.03.19"]
[Round "8"]
[White "Stanbad1"]
[Black "VladimirBugayev"]
[Result "0-1"]
[WhiteElo "2531"]
[BlackElo "2360"]
[TimeControl "180+1"]
[EndTime "9:30:37 PDT"]
[Termination "VladimirBugayev won by resignation"]

1. d4 Nf6 2. Nc3 d5 3. Bf4 a6 4. e3 c5 5. dxc5 Nc6 6. a3 e5 7. Bg5 Be6 8. b4 Be7 9. Nf3 h6 10. Bh4 O-O 11. Be2 b6 12. cxb6 Qxb6 13. O-O Rfd8 14. Na4 Qc7 15. Bxf6 Bxf6 16. Nc5 Bf5 17.
Rb1 Be7 18. Nb3 a5 19. b5 a4 20. bxc6 axb3 21. Rxb3 Qxc6 22. Nxe5 Qxc2 23. Qxc2 Bxc2 24. Rb7 Bxa3 25. Nxf7 Rdb8 26. Rxb8+ Rxb8 27. Ne5 Bb2 28. Nc6 Re8 29. Bf3 Be4 30. Rd1 Bf6 31. Kf1 Rc8 32.
Nb4 Bxf3 33. gxf3 d4 34. exd4 Rc4 35. Nd5 Bxd4 36. Rd2 Be5 37. Ne3 Rh4 38. Ng4 Bxh2 39. Rd4 g5 40. Rd8+ Kg7 41. Rd7+ Kf8 42. Rh7 Bf4 43.
Nxh6 Rh1+ 44. Ke2 Ra1 45. Ng4 Ra2+ 46. Kd3 Ra3+ 47. Ke4 Ra5 48. Rb7 Ke8 49. Nf6+ Kf8 50. Nd5 Ra4+ 51. Kf5 Ra5 52. Rd7 Ke8 53. Rh7 Rxd5+ 54.
Ke6 Re5+ 55. Kf6 Ra5 56. Rh8+ Kd7 57. Rh7+ Kc6 58. Re7 Kd5 59. Kf5 Kd4+ 60. Kg4 Kd3 61. Re4 Kd2 62. Re6 Kd1 63. Re4 Ra2 64. Re6 Rxf2 65. Re8 Re2 66. Rd8+ Ke1 67. Ra8 Kf2 68. Ra3 Kg1 69. Ra1+ Kh2 70. Rf1 Rg2+ 71. Kf5 Rg3 72.
Rf2+ Kg1 73. Rc2 Rxf3 74. Kg4 Rg3+ 75. Kh5 Ra3 76. Kg4 Rg3+ 77. Kh5 Rf3 78. Kg4 Rf2 79. Rc3 Kg2 80. Rb3 Rd2 81. Rf3 Rf2 82. Rb3 Kf1 83. Rb1+ Ke2 84. Rb2+ Ke3 85. Rb3+ Ke4 86. Rb4+ Ke5 87.
Rb5+ Kd4 88. Rb4+ Kc5 89. Rb1 Rg2+ 90. Kf5 Bd6 91. Rd1 g4 92. Rd3 g3 93. Ke4 Re2+ 94.
Kf3 Rf2+ 95. Ke3 Rf1 96. Rc3+ Kd5 97. Rc2 Bf4+ 98. Ke2 Rf2+ 0-1

[Event "Early-Titled-Tuesday-Blitz-March-19-2024"]
[Site "Chess.com"]
[Date "2024.03.19"]
[Round "8"]
[White "NikitaShnadrygin"]
[Black "koncheto"]
[Result "0-1"]
[WhiteElo "2666"]
[BlackElo "2507"]
[TimeControl "180+1"]
[EndTime "9:30:42 PDT"]
[Termination "koncheto won by resignation"]

1. e4 c5 2. Nh3 Nc6 3. Nf4 g6 4. c3 Bg7 5. g3 d6 6. Bg2 Nf6 7. O-O Nd7 8. d3 O-O 9. Re1 Rb8 10. h4 b5 11. h5 b4 12. hxg6 hxg6 13. Be3 bxc3 14.
bxc3 Nde5 15. Nd2 g5 16. Nd5 e6 17. d4 cxd4 18. cxd4 Nd3 19. Qh5 f6 20. Nc3 Nxe1 21. Rxe1 Ne7 22. Bf1 Qe8 23. Qg4 d5 24. Qd1 dxe4 25.
Ndxe4 Nf5 26. d5 Bb7 27. Nc5 Nxe3 28. Rxe3 e5 29. Bc4 Kh8 30. g4 Qg6 31. Rh3+ Bh6 32. N3e4 Rfc8 33. Nd6 Rxc5 34. Rxh6+ Qxh6 35. Nf7+ Kg7 36. Nxh6 Kxh6 37. Bb3 Bxd5 38. Bxd5 Rd8 39. Qd3 Rcxd5 40.
Qh3+ Kg7 41. Qf3 Rd1+ 42. Kg2 R1d4 43. Qf5 Rf4 44. Qe6 Rf8 45. Kg3 Rf7 46. Qd5 Ra4 47.
Qb3 Rd4 48. f3 Rfd7 49. Qe6 Rd2 50. Kh3 a5 51. a4 Rf7 52. Qb6 Rd3 53. Kg3 e4 54. Qxa5 Rxf3+ 55. Kg2 Rf4 56. Qd5 Rxg4+ 57. Kh3 Rf4 58. a5 Kg6 59. a6 Rf3+ 60. Kg2 Ra3 61.
Qxe4+ Kg7 62. Qc4 Ra7 63. Qe6 R3xa6 64. Qe8 Rf7 65. Kg3 Raa7 66. Kg4 Rae7 67. Qd8 Re4+ 68.
Kg3 Re5 69. Qd4 Rfe7 70. Qd6 Re3+ 71. Kg4 R7e4+ 72. Kf5 Rf4+ 0-1

[Event "Early-Titled-Tuesday-Blitz-March-19-2024"]
[Site "Chess.com"]
[Date "2024.03.19"]
[Round "8"]
[White "Sofia_Blokhin"]
[Black "Flaccidmoves"]
[Result "0-1"]
[WhiteElo "2254"]
[BlackElo "2439"]
[TimeControl "180+1"]
[EndTime "9:30:44 PDT"]
[Termination "Flaccidmoves won by checkmate"]

1. d4 Nf6 2. c4 g6 3. Nc3 Bg7 4. e4 O-O 5. f3 c5 6. Be3 cxd4 7.
Bxd4 Nc6 8. Be3 Qa5 9. Qd2 d6 10. O-O-O Be6 11. Kb1 Rfc8 12. Nd5 Bxd5 13. cxd5 Qxd2 14.
Bxd2 Ne5 15. Bc3 Nc4 16. Bxc4 Rxc4 17. Ne2 Rac8 18. Rd4 Nd7 19. Rxc4 Rxc4 20. Bxg7 Kxg7 21. Nc3 Ne5 22. Rd1 g5 23. Nb5 a6 24. Nd4 Kf6 25. Nf5 h5 26. b3 Rc8 27. Kb2 h4 28. h3 Ng6 29. Rd4 Nf4 30. Rd2 Rc7 31. a4 Ke5 32.
Ne3 Kf6 33. Ng4+ Kg6 34. Ne3 b5 35. axb5 axb5 36. b4 Kf6 37. Kb3 Ng6 38. Ng4+ Kg7 39.
Ne3 Ne5 40. Nf5+ Kf6 41. Nd4 Rb7 42. Ra2 Nc4 43. Ra6 Ke5 44. Nc6+ Kf4 45. Nd4 Kg3 46. Ra8 Kxg2 47. Rg8 f6 48. f4 Kxh3 49. fxg5 fxg5 50. Rxg5 Nd2+ 51. Kc2 Nxe4 52. Rg7 Ng3 53. Nf3 Rc7+ 54. Kd3 Nf5 55. Rh7 Kg4 56. Nh2+ Kg3 57. Nf1+ Kg2 58. Nd2 h3 59. Nf3 Kxf3 60. Rxh3+ Kf4 61.
Rh7 Ke5 62. Rh5 Kf6 63. Rh8 Rc4 64. Rb8 Rxb4 65. Kc3 Rc4+ 66. Kb3 Nd4+ 67. Kb2 Ke5 68. Rb7 Kxd5 69. Rxe7 b4 70. Rh7 b3 71. Rh6 Rc2+ 72.
Kb1 Rg2 73. Rh5+ Kc4 74. Rh4 d5 75. Rh3 Rg1+ 76. Kb2 Rg2+ 77. Kb1 Nb5 78. Rh4+ d4 79. Rh3 Nc3+ 80. Kc1 b2# 0-1

[Event "Early-Titled-Tuesday-Blitz-March-19-2024"]
[Site "Chess.com"]
[Date "2024.03.19"]
[Round "8"]
[White "Viktoker"]
[Black "CarlosjPineror"]
[Result "0-1"]
[WhiteElo "2546"]
[BlackElo "2702"]
[TimeControl "180+1"]
[EndTime "9:30:48 PDT"]
[Termination "CarlosjPineror won on time"]

1. d4 Nf6 2. c4 e6 3. Nc3 Bb4 4. e3 O-O 5. Bd3 Bxc3+ 6. bxc3 d6 7. Nf3 Qe7 8. O-O e5 9. Nd2 c5 10. Qc2 b6 11. Re1 h6 12. Nf1 Nc6 13. d5 Na5 14. Ng3 Re8 15. e4 Ba6 16. Qe2 Bc8 17. h3 Bd7 18. Bd2 Rf8 19. Rf1 Rae8 20. Rae1 Bc8 21.
Kh1 Qd8 22. Kg1 Nb7 23. Kh1 Bd7 24. f4 Nh7 25. fxe5 Rxe5 26. Bf4 Ree8 27. Qf2 f6 28. Nf5 Bxf5 29. exf5 Re5 30. Bxe5 dxe5 31. d6 Nxd6 32. Qf3 Ng5 33. Qd5+ Ngf7 34. Rd1 Qc7 35. Be4 Rd8 36.
Qe6 Kf8 37. Bf3 Re8 38. Qd5 Rd8 39. Qe6 Re8 40. Qd5 Nxf5 41. Rfe1 Rd8 42. Qe6 N5d6 43. Bd5 Qe7 44. Qg4 f5 45. Qg6 Qf6 46. Qg3 e4 47.
Rf1 g6 48. Rde1 Kg7 49. Bxe4 Nxe4 50. Rxe4 Qd6 51. Ref4 g5 52. h4 Rh8 53. Kg1 Re8 54. hxg5 hxg5 55. R4f3 Qxg3 56. Rxg3 Kg6 57. Rd3 Re6 58. Rd7 Ne5 59. Rxa7 Nxc4 60. Rb7 f4 61. a4 Kf5 62. Rf7+ Kg4 63. Rd1 Re2 64. Rg7 Ne3 65. Rd6 Rxg2+ 66. Kh1 Kf3 67. Rdg6 g4 68. Rf7 g3 69. Rgf6 Rh2+ 70. Kg1 Ng2 71. Rd7 Rh5 72.
Rd3+ Ne3 0-1

[Event "Early-Titled-Tuesday-Blitz-March-19-2024"]
[Site "Chess.com"]
[Date "2024.03.19"]
[Round "8"]
[White "Matols"]
[Black "GreenPeach24"]
[Result "0-1"]
[WhiteElo "2359"]
[BlackElo "2563"]
[TimeControl "180+1"]
[EndTime "9:30:48 PDT"]
[Termination "GreenPeach24 won on time"]

1. d4 Nf6 2. c4 e6 3. g3 d5 4. Nf3 Be7 5. Bg2 O-O 6. O-O c6 7. Qc2 b6 8. Nbd2 Bb7 9. e4 dxe4 10. Nxe4 Nbd7 11. Rd1 Nxe4 12. Qxe4 Nf6 13. Qc2 Qc8 14. c5 Rd8 15. Bf4 Nd5 16. Bd2 Ba6 17. b4 bxc5 18. bxc5 Bf6 19. Bg5 Bxg5 20. Nxg5 Nf6 21.
h4 Qc7 22. Nf3 Rab8 23. Ne5 Nd5 24. Be4 h6 25. Rab1 Bb5 26. h5 a5 27. Rbc1 Nb4 28.
Qd2 Ba4 29. Bb1 Bxd1 30. Rxd1 Qxe5 31. dxe5 Rxd2 32. Rxd2 Nd5 33. Be4 Kf8 34. f4 Ke7 35.
Kf2 Kd7 36. Kf3 Rb4 37. g4 Rc4 38. g5 Rc3+ 39. Kg2 Ke7 40. Bxd5 cxd5 41. Rb2 Rxc5 42. Rb7+ Ke8 43. Rb8+ Kd7 44. Rg8 hxg5 45. fxg5 Ke7 46.
Rxg7 Kf8 47. h6 Rc4 48. Kf3 Rh4 49. g6 fxg6 50. Rxg6 Kf7 51. Rf6+ Ke7 52. Kg3 Rh1 53. Kg2 Rh5 54. Kg3 Rxe5 55. Rg6 Rh5 56. Kg4 Rh1 57. Rg7+ Kf6 58. Ra7 Rxh6 59. Rxa5 Rh2 60. Ra8 Ke5 61.
a4 Ra2 62. Kf3 Kd4 63. a5 e5 64. a6 e4+ 65. Kg3 Ke3 66. Rd8 d4 67. Rd6 d3 68.
Kg4 Ke2 69. Kf4 Ra4 0-1

[Event "Early-Titled-Tuesday-Blitz-March-19-2024"]
[Site "Chess.com"]
[Date "2024.03.19"]
[Round "8"]
[White "valeriocarnicelli"]
[Black "AlexTruskavetsky"]
[Result "1/2-1/2"]
[WhiteElo "2551"]
[BlackElo "2686"]
[TimeControl "180+1"]
[EndTime "9:30:54 PDT"]
[Termination "Game drawn - insufficient material"]

1. e4 c5 2. Nf3 Nc6 3. d4 cxd4 4. Nxd4 Nf6 5. Nc3 e6 6. Ndb5 d6 7. Bf4 e5 8. Bg5 a6 9. Na3 b5 10. Nd5 Be7 11. Bxf6 Bxf6 12. c3 O-O 13. Nc2 Bg5 14.
a4 Rb8 15. axb5 axb5 16. b4 Be6 17. Nce3 Ne7 18. Nxe7+ Qxe7 19. Qd3 Bxe3 20. Qxe3 d5 21. exd5 Bxd5 22. Bd3 Bxg2 23. Rg1 Bd5 24. Ra7 Qf6 25. Qg5 Qxg5 26. Rxg5 Rfe8 27. Kd2 h6 28. Rg1 e4 29. Be2 Red8 30. Ke3 Rbc8 31. Rc1 Bc4 32. Rb7 Bxe2 33. Kxe2 Rd3 34. Rxb5 Rcxc3 35. Rxc3 Rxc3 36. Rc5 Rb3 37. Rc4 f5 38. Kd2 Rb2+ 39. Ke3 Kh7 40. h4 Kg6 41. Rd4 Kh5 42. Rd5 g6 43. b5 Kxh4 44. Rd6 Kg5 45. Rb6 h5 46. Rb8 h4 47. b6 h3 48. b7 h2 49. Rh8 Rxb7 50. Rxh2 Rb3+ 51. Ke2 Kf4 52. Rh4+ Ke5 53. Rh8 g5 54. Kf1 Kf4 55. Kg2 Rb2 56.
Rh3 g4 57. Rc3 Re2 58. Kf1 Rd2 59. Kg2 Rd3 60. Rc5 e3 61. Rc4+ Kg5 62. f4+ Kh4 63. Kf1 Kg3 64. Ke2 Ra3 65. Rb4 Kg2 66. Rb5 g3 67. Rxf5 Kg1 68. Rg5 Ra2+ 69. Kxe3 g2 70.
f5 Kf1 71. Ke4 Ra5 72. Rg8 Kf2 73. f6 Ra3 74. f7 Re3+ 75. Kd4 Rf3 76. f8=Q Rxf8 77.
Rxf8+ Ke2 78. Rg8 Kf2 79. Ke4 g1=R 80. Rxg1 Kxg1 1/2-1/2

[Event "Early-Titled-Tuesday-Blitz-March-19-2024"]
[Site "Chess.com"]
[Date "2024.03.19"]
[Round "8"]
[White "Ati1517"]
[Black "atalz0"]
[Result "0-1"]
[WhiteElo "2233"]
[BlackElo "2369"]
[TimeControl "180+1"]
[EndTime "9:30:56 PDT"]
[Termination "atalz0 won by resignation"]

1. e4 d5 2. exd5 Nf6 3. Bb5+ Bd7 4. Bxd7+ Qxd7 5. c4 e6 6. dxe6 fxe6 7. Nf3 Nc6 8.
O-O O-O-O 9. Re1 Bc5 10. h3 Rhe8 11. Nc3 e5 12. d3 Qxd3 13. Qxd3 Rxd3 14. Bg5 Bb4 15.
Re3 Rxe3 16. fxe3 Bxc3 17. bxc3 Ne4 18. Rc1 h6 19. Bh4 g5 20. Be1 Rd8 21. Kf1 b6 22.
Ke2 Na5 23. Nxe5 Re8 24. Nf3 Nxc4 25. Kd3 Ned6 26. Bd2 b5 27. Nd4 a6 28. Re1 Ne4 29.
Bc1 Nc5+ 30. Kc2 Rf8 31. Re2 Ne4 32. Kd3 Ng3 33. Rc2 Rf1 34. Nf3 c5 35. Bd2 Rf2 36. Be1 Rxc2 37. Kxc2 Nxe3+ 38. Kd3 Nef5 39. Ne5 h5 40. Bd2 g4 41. hxg4 hxg4 42. Nxg4 Kd7 43.
Bf4 Nh5 44. Ne5+ Ke6 45. g3 Nhxg3 46. Nc6 Kd5 47. Ne7+ Ke6 48. Bxg3 Kxe7 49. Be5 Ke6 50. Bf4 Kd5 51. Kc2 Nd6 52. a3 Nc4 53. Bc1 Nb6 54.
Kb3 a5 55. Kc2 a4 56. Kd3 Nd7 57. c4+ bxc4+ 58. Kc3 Nb6 59. Be3 Kc6 60. Bf4 Kb5 61. Bd2 Nd5+ 62. Kc2 c3 63. Bxc3 Kc4 64. Bd2 Nc7 65. Ba5 Nb5 66. Kb2 Kd3 67. Bb6 c4 68.
Ba5 c3+ 69. Kc1 Nxa3 70. Bb4 Nb5 71. Kb1 Kc4 72. Ba5 Kb3 73. Ka1 a3 74. Bxc3 Kxc3 75. Ka2 Kb4 76. Ka1 Kb3 77. Kb1 Nd4 78. Ka1 Nc2+ 79. Kb1 a2+ 80. Kc1 a1=Q+ 81. Kd2 Qc3+ 0-1

[Event "Early-Titled-Tuesday-Blitz-March-19-2024"]
[Site "Chess.com"]
[Date "2024.03.19"]
[Round "8"]
[White "FMVolodymyrSakun"]
[Black "esrosenberg"]
[Result "1-0"]
[WhiteElo "2636"]
[BlackElo "2470"]
[TimeControl "180+1"]
[EndTime "9:30:59 PDT"]
[Termination "FMVolodymyrSakun won on time"]

1. d4 d5 2. Nf3 Bf5 3. c4 e6 4. Nc3 Nf6 5. Bg5 c6 6. e3 Be7 7. Be2 O-O 8. Nh4 Ne4 9. Bxe7 Qxe7 10. Nxf5 exf5 11. cxd5 Nxc3 12. bxc3 cxd5 13. O-O Rc8 14. Qb3 f4 15. Bf3 fxe3 16. Bxd5 e2 17. Rfe1 Nc6 18. Bf3 Na5 19. Qb2 Qc7 20. Rac1 Nc4 21.
Qxe2 Rab8 22. g3 b5 23. Kg2 g6 24. h4 h5 25. Qd3 Kg7 26. Re2 Rd8 27. Rce1 Rd7 28.
d5 Qc5 29. Re8 Rxe8 30. Rxe8 Nd6 31. Re2 Nc4 32. Re1 a6 33. Qe2 Qd6 34. Qd1 Qf6 35. Qd3 Ne5 36. Qe4 Nxf3 37. Qxf3 Qxf3+ 38. Kxf3 Rxd5 39. Re3 Kf6 40. Ke2 a5 41. a3 Rc5 42. Kd3 Rc4 43.
Rf3+ Ke6 44. Kc2 Re4 45. Kd3 Re1 46. Kc2 f6 47. Kb3 g5 48. hxg5 fxg5 49. Rf8 Rf1 50.
Rh8 Rxf2 51. Rxh5 Kf5 52. Rh7 Kg4 53. Rb7 a4+ 54. Kb4 Rb2+ 55. Kc5 Kxg3 56. Rxb5 Rxb5+ 57. Kxb5 Kf2 58. c4 g4 59. c5 g3 60. c6 g2 61. c7 g1=Q 62. c8=Q Qb1+ 63. Kxa4 Qd1+ 64. Kb4 Qb1+ 65. Ka5 Qb3 66. Qf8+ Ke3 67. Qb4 Qd5+ 68.
Kb6 Qd8+ 69. Kb5 Qb8+ 70. Ka5 Qa7+ 71. Kb5 Qb7+ 72. Kc5 Qc7+ 73. Kd5 Qd7+ 74. Qd6 Qa4 75. Qc5+ Kd3 76. Qb4 1-0

[Event "Early-Titled-Tuesday-Blitz-March-19-2024"]
[Site "Chess.com"]
[Date "2024.03.19"]
[Round "8"]
[White "AlexandraSamaganova"]
[Black "newauto"]
[Result "1/2-1/2"]
[WhiteElo "2298"]
[BlackElo "2142"]
[TimeControl "180+1"]
[EndTime "9:31:01 PDT"]
[Termination "Game drawn - insufficient material"]

1. c4 Nf6 2. Nc3 c6 3. Nf3 d5 4.
e3 Bf5 5. cxd5 Nxd5 6. d4 e6 7. Bd3 Bxd3 8. Qxd3 Be7 9. e4 Nf6 10. O-O O-O 11. h3 Nbd7 12. Be3 Re8 13. Rfd1 h6 14. Rac1 Qa5 15. Bd2 Qc7 16. Qe2 Rad8 17. d5 exd5 18. exd5 Bb4 19. Qf1 Bxc3 20. Bxc3 Nxd5 21.
Bxg7 Kxg7 22. Rxd5 Qf4 23. Rd4 Qf6 24. Rcd1 Nc5 25.
Qc4 Rxd4 26. Rxd4 Ne6 27. Rg4+ Kh8 28. Qb3 h5 29. Rh4 Qg6 30. Qxb7 Nc5 31. Qb4 Ne6 32. Qc3+ Kg8 33. Qxc6 Rd8 34. Qa4 Qb1+ 35. Kh2 Qf5 36. Qe4 Qxe4 37. Rxe4 Rc8 38. Kg3 Rc2 39. Rb4 a5 40.
Rb8+ Kg7 41. h4 Kf6 42. Rb5 a4 43. Rb4 Nc5 44. Ng5 Kg6 45. Rb6+ f6 46. Nf3 Nd3 47. Nd4 Nxf2 48. Ra6 Ne4+ 49. Kh2 Rxb2 50. Rxa4 f5 51.
Ra6+ Nf6 52. Nf3 Kg7 53. Ra7+ Kf8 54. Ra8+ Ke7 55. Ng5 Ng4+ 56. Kg3 Rc2 57. Ra7+ Kf6 58. Ra6+ Ke5 59. Nf3+ Ke4 60. Ra4+ Kd5 61. Rd4+ Kc5 62. Rd8 Rc3 63. Rc8+ Kb4 64. Rb8+ Ka3 65. Ra8+ Kb2 66.
Rb8+ Kxa2 67. Rf8 Rc5 68. Rh8 Nf6 69. Ra8+ Kb3 70. Rb8+ Kc4 71. Rf8 Ne4+ 72. Kf4 Kd3 73.
Rxf5 Rxf5+ 74. Kxf5 Ke3 75. Kg6 Ng3 76. Ng5 Kf2 77.
Kh6 Kxg2 78. Kg6 Kf2 79. Kh6 Kg2 80. Ne4 Nxe4 81. Kxh5 Kg3 82. Kg6 Kg4 83. Kf7 Kxh4 1/2-1/2

[Event "Early-Titled-Tuesday-Blitz-March-19-2024"]
[Site "Chess.com"]
[Date "2024.03.19"]
[Round "8"]
[White "AryanTari"]
[Black "FairChess_on_YouTube"]
[Result "1/2-1/2"]
[WhiteElo "3020"]
[BlackElo "3135"]
[TimeControl "180+1"]
[EndTime "9:31:08 PDT"]
[Termination "Game drawn by repetition"]

1. e4 c5 2. Nf3 e6 3. d4 cxd4 4. Nxd4 Nc6 5. Bf4 a6 6. Nxc6 bxc6 7. Bd6 Bxd6 8. Qxd6 Qe7 9. Qxe7+ Kxe7 10. Nc3 e5 11.
O-O-O Nf6 12. Bc4 d6 13. Rd3 Rd8 14. Rhd1 a5 15. f3 Rb8 16. b3 g5 17. R3d2 h5 18.
Na4 g4 19. Nb2 h4 20. Rf2 g3 21. hxg3 hxg3 22. Rff1 Rh8 23. Rh1 Bd7 24. Be2 Nh5 25.
Nd3 Nf4 26. Nxf4 exf4 27. a4 Be6 28. Kd2 Kf6 29. Kc3 c5 30. Bc4 Ke5 31. Bxe6 fxe6 32. Kc4 Rb4+ 33. Kc3 Rbb8 34. Kc4 Rb4+ 35. Kc3 Rd4 36. Rde1 Rxh1 37. Rxh1 Kf6 38. Rh6+ Kf7 39. Rh4 e5 40. Rh1 Ke6 41. Rh6+ Kd7 42. Rh1 Kc6 43. Rg1 d5 44. exd5+ Kxd5 45. Rh1 e4 46. Rh5+ Kc6 47.
fxe4 Rxe4 48. Rf5 Kd6 49. Kd3 Rd4+ 50. Kc3 Ke6 51. Rxc5 Rd5 52. Rc6+ Kf5 53. Rc8 Kg4 54. Rf8 Rf5 55. Rg8+ Rg5 56. Rf8 Rf5 57. Rg8+ Rg5 58. Rf8 Rd5 59. Rg8+ Kf5 60. Rf8+ Ke4 61. Re8+ Re5 62.
Rf8 Ke3 63. Kc4 Re4+ 64. Kd5 Rd4+ 65. Ke5 Rd2 66. Rxf4 Rxg2 67. Rg4 Kf3 68. Rf4+ Ke3 69. Rg4 Rg1 70. c4 g2 71. c5 Kf3 72. Rg8 Rb1 73. c6 Rxb3 74. c7 Rc3 75. Kd6 Rc4 76. Kd7 Rd4+ 77. Kc6 Rc4+ 78. Kb7 Rb4+ 79. Ka7 Rc4 80.
Kb6 Kf2 81. Kb7 Rb4+ 82. Ka7 Rc4 83. Kb7 Rb4+ 84. Ka7 Rc4 85. Kb7 1/2-1/2

[Event "Early-Titled-Tuesday-Blitz-March-19-2024"]
[Site "Chess.com"]
[Date "2024.03.19"]
[Round "8"]
[White "ExchangeAB"]
[Black "NovakRatko"]
[Result "0-1"]
[WhiteElo "2516"]
[BlackElo "2418"]
[TimeControl "180+1"]
[EndTime "9:31:11 PDT"]
[Termination "NovakRatko won on time"]

1. e4 d5 2. exd5 c6 3. dxc6 Nxc6 4. Nf3 e5 5. Nc3 Bd6 6. d4 exd4 7. Nxd4 Nge7 8. Ndb5 Bb8 9. Qxd8+ Nxd8 10. Bg5 f6 11.
Be3 a6 12. Nd4 b5 13. O-O-O Bb7 14. f3 O-O 15. a3 Be5 16. Be2 Rc8 17. Kb1 Ndc6 18.
Nxc6 Nxc6 19. Ne4 Rfd8 20. Nc5 Rxd1+ 21. Rxd1 Rb8 22. f4 Bc7 23. Rd7 Bb6 24. b4 Bc8 25. Rd6 Ne7 26. Nxa6 Bxa6 27. Rxb6 Rxb6 28. Bxb6 Nd5 29.
Bc5 Nc3+ 30. Kb2 Nxe2 31. Be3 h6 32. c3 g5 33. g3 Bb7 34. Kc2 Bf3 35. Kd2 Kf7 36.
fxg5 hxg5 37. Bc5 g4 38. Be3 Ke6 39. Kd3 Kd5 40. a4 bxa4 41. c4+ Kc6 42. Kc2 Be4+ 43. Kb2 Bd3 44. Ka3 Bxc4 45. Kxa4 Bb5+ 46. Kb3 Kd5 47. Kc2 Nd4+ 48. Kc1 Nf3 49. Bf4 Nxh2 50. Kd2 Ke4 51. Ke1 Nf3+ 52. Kf2 Nd4 53. Bc7 f5 54. Bb8 Nc6 55.
Bd6 Kd5 56. Bf8 Kc4 57. Ke3 Nxb4 58. Kf4 Bd7 59. Bd6 Kd5 60. Bb8 Nd3+ 61. Ke3 Nc5 62. Kf2 Ke4 63. Bd6 Nd3+ 64. Kg2 Bb5 65. Bb8 Bc6 66. Kh2 Kf3 67. Bc7 Nc5 68. Bb8 Ne4 69.
Bc7 Nf6 70. Bb8 Nd7 71. Bd6 Be4 72. Bc7 Nc5 73. Bd6 Nd3 74. Bb8 Nc1 75. Bc7 Ne2 76.
Bb8 f4 77. gxf4 g3+ 78. Kh3 g2 79. Ba7 Nxf4+ 80. Kh2 Ne2 81. Bb6 Bf5 82. Ba7 Be6 83.
Bb6 Bd5 84. Ba7 Ke4 85. Bb6 Kd3 86. Ba7 Kd2 87. Bf2 Kd1 88. Bc5 Ke1 89. Bb6 Kf1 90.
Ba7 Nf4 91. Bb6 Nd3 92. Be3 Nf2 0-1

[Event "Early-Titled-Tuesday-Blitz-March-19-2024"]
[Site "Chess.com"]
[Date "2024.03.19"]
[Round "8"]
[White "Anton_Demchenko"]
[Black "bubeliang"]
[Result "1-0"]
[WhiteElo "3025"]
[BlackElo "2808"]
[TimeControl "180+1"]
[EndTime "9:31:12 PDT"]
[Termination "Anton_Demchenko won by resignation"]

1. e4 c6 2. d4 d5 3. e5 c5 4. dxc5 e6 5. Be3 Nd7 6. Bb5 Qc7 7. Nf3 Bxc5 8. Bxc5 Qxc5 9. Nc3 Ne7 10. O-O O-O 11. Re1 Nb6 12. Bd3 h6 13. Ne2 Nc4 14.
Rb1 b5 15. b3 Nb6 16. b4 Qc7 17. Bxb5 Ng6 18. Ned4 Nc4 19. Bxc4 Qxc4 20. Qd2 Bb7 21. b5 Rac8 22. Rb4 Qc3 23. Qxc3 Rxc3 24. Ra4 Ra8 25.
Re3 Rxe3 26. fxe3 Ne7 27. Kf2 Nc8 28. Nd2 Nb6 29. Ra5 Nd7 30. N4f3 Nc5 31. Ke2 Kf8 32.
Kd1 Ke7 33. Ra3 f6 34. Nb3 Ne4 35. Na5 Rb8 36. Nc6+ Bxc6 37. bxc6 fxe5 38. Rxa7+ Kd6 39. Rxg7 Nc3+ 40. Kd2 Ne4+ 41. Kc1 Kxc6 42. Nxe5+ Kd6 43.
Nf7+ Kc5 44. Ne5 Ra8 45. Nd3+ Kd6 46. Rg6 Rxa2 47. Rxh6 Ra1+ 48. Kb2 Rg1 49. Nf4 Nc5 50. h4 Kd7 51. h5 e5 52. Nxd5 Rxg2 53. Rg6 Rh2 54. h6 Nd3+ 55. Kc3 Ne1 56. h7 Nf3 57. Nf6+ Ke6 58. Rg8 Kxf6 59. h8=Q+ Rxh8 60. Rxh8 Ng5 61. Kd3 Ke6 62. c4 Nf7 63. Rg8 Nd6 64. Rg6+ Kd7 65. c5 Nf5 66. Ke4 Nh4 67. Ra6 Ng2 68. Rg6 Ne1 69.
Kxe5 Nd3+ 70. Kd4 Nb4 71. Rb6 Nc2+ 72. Kd3 Ne1+ 73. Ke4 Nc2 74. Rb2 Na3 75. Kd5 Kc7 76.
e4 Kd7 77. e5 Kc7 78. e6 Kd8 79. Rb8+ Kc7 80. Rh8 Nb5 81. e7 Kb7 82. e8=Q Nc7+ 83. Kd6 Nxe8+ 84. Rxe8 Ka6 85. c6 Kb5 86. c7 Kc4 87.
c8=Q+ Kd3 88. Qf5+ 1-0

[Event "Early-Titled-Tuesday-Blitz-March-19-2024"]
[Site "Chess.com"]
[Date "2024.03.19"]
[Round "8"]
[White "Szparu"]
[Black "bulletteemo"]
[Result "0-1"]
[WhiteElo "2782"]
[BlackElo "2610"]
[TimeControl "180+1"]
[EndTime "9:31:18 PDT"]
[Termination "bulletteemo won by resignation"]

1. d4 Nf6 2. c4 e6 3. Nf3 c5 4. g3 cxd4 5. Nxd4 Nc6 6. Bg2 d5 7.
O-O Be7 8. Nc3 O-O 9. Nxc6 bxc6 10. Qc2 Bb7 11. Rd1 Qa5 12. b3 Rac8 13. Bb2 Ba6 14. e4 dxc4 15. e5 Ng4 16. Ne4 Nxe5 17. Bc3 Qb5 18. a4 Qb8 19. Qb2 f6 20. Bh3 Nd3 21.
Bxe6+ Kh8 22. Qe2 f5 23. Nd2 Bc5 24. Nxc4 Nxf2 25. Kg2 Nxd1 26. Rxd1 Rce8 27. Rd7 Re7 28. Qb2 Rxd7 29. Bxd7 Bxc4 30. Bxg7+ Kg8 31. bxc4 Qxb2+ 32. Bxb2 Rb8 33. Be5 Rb1 34. Bxc6 Kf8 35. Bd7 Re1 36. Bb8 Re4 37. Bxf5 Rxc4 38. a5 Ra4 39. Bc7 h6 40. h4 Kf7 41. Kh3 Rc4 42. Bd8 Rc3 43. Bc7 Bb4 44. Bf4 Bxa5 45. Bxh6 Bc7 46. h5 Rxg3+ 47.
Kh4 Rg1 48. Bg5 Rh1+ 49. Kg4 Rg1+ 50. Kh4 a5 51. h6 Rh1+ 52. Kg4 Rg1+ 53. Kh5 Rh1+ 54.
Kg4 Be5 55. Be4 Rg1+ 56. Kf5 Bd4 57. Bd5+ Ke8 58. Bf4 Kd7 59. h7 Rf1 60. Ke4 Ba1 61.
Be3 Rh1 62. Bg8 Rh4+ 63. Kd3 Bh8 64. Bg5 Rh3+ 65. Kc4 a4 66. Kb4 a3 67. Bc1 Bb2 68.
Bd2 Ke7 69. Bf4 Kf8 70. Bg5 Kg7 71. Be6 Rxh7 72. Bd2 Rh4+ 73. Kb3 Kf6 74. Bc4 Rh2 75. Bb4 Rh3+ 76. Ka2 Rh4 77. Kb3 Rxc4 78. Bxa3 Rc3+ 79. Kxb2 Rh3 80. Bc5 Ke5 81. Kc2 Kd5 82. Ba7 Ke4 83. Kd2 Rh2+ 84. Ke1 Kf3 85. Bb8 Rb2 86. Ba7 Re2+ 87. Kd1 Re7 88. Bb6 Rb7 89. Bc5 Rc7 90.
Ba7 Rxa7 0-1

[Event "Early-Titled-Tuesday-Blitz-March-19-2024"]
[Site "Chess.com"]
[Date "2024.03.19"]
[Round "8"]
[White "DanielTitichoca"]
[Black "GeorgiosSouleidis"]
[Result "0-1"]
[WhiteElo "2473"]
[BlackElo "2676"]
[TimeControl "180+1"]
[EndTime "9:31:21 PDT"]
[Termination "GeorgiosSouleidis won by resignation"]

1. c4 e5 2. Nc3 Nf6 3. Nf3 e4 4. Ng5 c6 5. d3 exd3 6. Qxd3 Be7 7. e4 d6 8. Bf4 O-O 9. O-O-O Nh5 10. Nxh7 Kxh7 11.
Be3 Kg8 12. Be2 Nf6 13. f3 Be6 14. g4 Na6 15. g5 Nd7 16. f4 Ndc5 17. Qd4 Re8 18.
h4 Bf8 19. h5 Qe7 20. h6 Bf5 21. hxg7 Bxg7 22. Qxg7+ Kxg7 23. Bd4+ Qe5 24. fxe5 Bxe4 25. exd6+ Kg6 26. Rh6+ Kxg5 27. Be3+ Kf5 28. Rf1+ Ke5 29. Bf4+ Kd4 30. Rd1+ Bd3 31. Rh3 Nb4 32. a3 Kxc4 33. axb4 Bxe2 34. Nxe2 Nb3+ 35. Kc2 Rxe2+ 36. Kb1 Kxb4 37. d7 Rd8 38. Bc7 Rxd7 39. Rxd7 Re1+ 40. Kc2 Rc1+ 41. Kd3 Rd1+ 42. Kc2 Rxd7 43. Rxb3+ Kc4 44. Rc3+ Kb4 45. Bf4 Kb5 46. Be3 b6 47. Rb3+ Ka6 48. Rc3 c5 49. Ra3+ Kb5 50. Rc3 Kc6 51. Rb3 a5 52. Rc3 Rd5 53. Rc4 Re5 54. Kd3 Rd5+ 55.
Kc2 Rh5 56. Rf4 f5 57. Bd2 Kd5 58. Rf1 Kc6 59. Rg1 Kb5 60. Rg6 a4 61. Rf6 c4 62. Kc3 Rh3+ 63. Kc2 Rf3 64. Bc3 Kc5 65. Kd2 b5 66. Ke2 Rh3 67. Rxf5+ Kc6 68. Rf6+ Kc5 69. Rf5+ Kc6 70. Kd2 Rh2+ 71. Ke3 Rh3+ 72. Ke4 Rh4+ 73. Ke3 Rh3+ 74. Kf4 Rh4+ 75. Kg5 Rh1 76. Bd4 Rd1 77.
Rc5+ Kd6 78. Be3 Rd3 79. Bf2 Rb3 80. Rc8 Rxb2 81. Bg3+ Kd7 82. Rc7+ Ke6 83. Rc6+ Kd5 84. Rd6+ Kc5 85. Rd8 Kb4 86. Kf5 Kb3 87. Be5 c3 88. Rc8 b4 89. Ke4 Rd2 90. Bd6 Rxd6 0-1

[Event "Early-Titled-Tuesday-Blitz-March-19-2024"]
[Site "Chess.com"]
[Date "2024.03.19"]
[Round "8"]
[White "rhungaski"]
[Black "tusplingher"]
[Result "1-0"]
[WhiteElo "2610"]
[BlackElo "2476"]
[TimeControl "180+1"]
[EndTime "9:31:22 PDT"]
[Termination "rhungaski won by resignation"]

1. e4 c5 2. Nf3 d6 3. d4 cxd4 4. Nxd4 Nf6 5. Nc3 a6 6. Be2 e5 7. Nb3 Be7 8. O-O Nc6 9. Bf3 O-O 10. Re1 h6 11. h3 b5 12. a4 Rb8 13. axb5 axb5 14.
Nd5 Be6 15. c3 Nd7 16. Ra6 Rc8 17. Qd3 b4 18. Bg4 bxc3 19. bxc3 Ncb8 20. Nxe7+ Qxe7 21. Rxd6 Bxb3 22. Bxd7 Rcd8 23. Ba3 Rxd7 24. Rxd7 Qxd7 25.
Qxd7 Nxd7 26. Bxf8 Kxf8 27. Rb1 Nc5 28. f3 Ke7 29. Kf2 Kd6 30. Ke3 Kc6 31. Ra1 Ba4 32.
h4 Kb5 33. Rb1+ Bb3 34. Ra1 Na4 35. Kd2 Kc4 36. g3 h5 37. f4 f6 38. fxe5 fxe5 39. Rf1 Nxc3 40. Rc1 Kd4 41. Rxc3 Be6 42. Re3 Bg4 43.
Re1 g6 44. Re3 Bh3 45. Ke2 Bg2 46. Kf2 Bxe4 47. Ra3 Bf5 48. Ra4+ Kd5 49. Ke3 Ke6 50. Ra5 Kd6 51. Ra6+ Ke7 52. Rb6 Kd7 53. Kd2 Kc7 54.
Rf6 Kd7 55. Kc3 Ke7 56. Rb6 Be6 57. Kd3 Bf5+ 58. Kc4 Be6+ 59. Kd3 Bf5+ 60. Ke3 Kf7 61. Kf3 Ke7 62. Kf2 Be4 63. Ra6 Bf5 64. Ke2 Kd7 65.
Kd2 Ke7 66. Kc3 Kd7 67. Kc4 Be6+ 68. Kc5 Bf5 69. Kd5 e4 70. Kd4 Ke7 71. Rb6 Kf7 72. Ke3 Ke7 73. Kf4 Kd7 74. Ra6 Kc7 75.
Ke3 Kd7 76. Kd4 Ke7 77. Rb6 Kd7 78. Kd5 Ke7 79. Ke5 Kd7 80. Rb7+ Kc6 81. Re7 Kc5 82. Rc7+ Kb4 83. Kd4 Kb3 84. Rc3+ Kb2 85. Rc7 Kb3 86. Ke3 Kb2 87. Rc4 Kb3 88. Rxe4 Bxe4 89. Kxe4 Kc4 90. Ke5 Kd3 91. Kf6 Ke3 92. Kxg6 Kf3 93. Kxh5 Kxg3 94. Kg5 Kf3 95. h5 1-0